 Dungeon Crawl Stone Soup version 0.31.0-11-ge490571c62 (webtiles) character file.

Game seed: 8223064098613345587

83 qw the Shooter (level 4, -4/25 HPs)
             Began as a Deep Elf Hunter on Feb 3, 2024.
             Killed by nerve-wracking pain
             ... invoked by Grinder
              (12 damage)
             ... on level 3 of the Dungeon.
             The game lasted 00:00:32 (1633 turns).

qw the Shooter (Deep Elf Hunter)                    Turns: 1633, Time: 00:00:33

Health: -4/25      AC:  6    Str: 10    XL:     4   Next: 22%
Magic:  6/6        EV: 12    Int: 12    God:
Gold:   152        SH:  0    Dex: 18    Spells: 3/3 levels left

rFire   . . .        a - +0 shortbow
rCold   . . .        (shield currently unavailable)
rNeg    . . .        d - +1 leather armour "Feassar" {rCorr Int-2 Slay+2}
rPois   .            b - +1 helmet
rElec   .            (no cloak)
rCorr   +            (no gloves)
SInv    .            (no boots)
Will    .....        (no amulet)
Stlth   ++           (no ring)
HPRegen 0.24/turn    (no ring)
MPRegen 0.10/turn

%: no passive effects
@: no status effects
A: no striking features
a: no special abilities


You were on level 3 of the Dungeon.
You visited 1 branch of the dungeon, and saw 4 of its levels.

You collected 152 gold pieces.


   Skills:
 - Level 1.5 Fighting
 + Level 7.6 Ranged Weapons
 - Level 2.4 Dodging
 - Level 1.2 Stealth


You had 3 spell levels left.
You didn't know any spells.
Your spell library was empty.

Inventory:

Hand Weapons
 a - a +0 shortbow (weapon)
Armour
 b - a +1 helmet (worn)
 d - the +1 leather armour "Feassar" (worn) {rCorr Int-2 Slay+2}
   (You found it on level 3 of the Dungeon)

   Int-2:     It affects your intelligence (-2).
   Slay+2:    It affects your accuracy & damage with ranged weapons and melee
   (+2).
   rCorr:     It protects you from acid and corrosion.
Potions
 c - a potion of might
 e - a potion of curing {unknown}

Dungeon Overview and Level Annotations

Branches:
Dungeon (4/15)
 Temple: D:4-7

Altars:
Fedhas

Annotations:
D:3 Grinder


Message History

Grinder is moderately wounded.
A ball python comes into view.
Grinder gestures at you. You resist with significant effort.
You shoot an arrow. The ball python hisses angrily.
The arrow hits Grinder!
Grinder is moderately wounded.
You shoot an arrow. The arrow hits Grinder!
Grinder is heavily wounded.
Grinder gestures at you. You resist with significant effort.
You shoot an arrow. The arrow closely misses Grinder.
Grinder gestures at you. Pain shoots through your body!
You shoot an arrow. The arrow barely misses Grinder.
Grinder hits you.
You writhe in agony.
You shoot an arrow. The arrow barely misses Grinder.
Grinder gestures at you.
You barely resist. You shoot an arrow. The arrow barely misses Grinder.
Grinder gestures at you. Pain shoots through your body!
The ball python closely misses you. The ball python barely misses you.
You shoot an arrow. The arrow hits Grinder.
Grinder is heavily wounded.
The ball python bites you. The ball python barely misses you.
Grinder closely misses you.
You shoot an arrow. The arrow hits Grinder.
Grinder is severely wounded.
The ball python barely misses you. The ball python closely misses you.
Grinder gestures at you. Pain shoots through your body!
The ball python closely misses you. The ball python misses you.
You shoot an arrow. The arrow hits Grinder!
Grinder is almost dead.
Grinder gestures at you. Pain shoots through your body!
You die...
Grinder sighs, "Dead already?
I want a refund."

#.....# ###.....#
###...... 8.......#
#....... ......<.#
#..:...
........#######.%..B
8..###.......>.....
######.............
# #...........S5# #
#....).......@# ~#
#.............# ~#
###...........# ~#
#...........#
#...[.......#
#......)....#
#...........#
#############
#...........#
#..........>#
#...........#
#...........#


You could see Grinder, a bombardier beetle and a ball python.

Vanquished Creatures
  3 adders (D:2)
  A ribbon worm (D:2)
  A dart slug (D:1)
  3 orcs (D:2)
  7 bats
  3 endoplasms
  4 goblins
  A hobgoblin (D:1)
  3 quokkas
  3 ball pythons
  16 frilled lizards
  4 kobolds
  5 rats
54 creatures vanquished.

Notes
Turn   | Place    | Note
-------+----------+-------------------------------------------
     0 | D:1      | qw the Deep Elf Hunter began the quest for the Orb.
     0 | D:1      | Reached XP level 1. HP: 12/12 MP: 3/3
     0 | D:1      | 0 ||| qw: Version: 0.3-a-155-g5e7d8dd
     0 | D:1      | 0 ||| qw: Game counter: 3509
     0 | D:1      | 0 ||| qw: Melee chars always use a shield: true
     0 | D:1      | 0 ||| qw: God list: Okawaru
     0 | D:1      | 0 ||| qw: Allow faded altars: false
     0 | D:1      | 0 ||| qw: Do Orc after clearing Dungeon:15 true
     0 | D:1      | 0 ||| qw: Do second Lair branch before Depths: true
     0 | D:1      | 0 ||| qw: Lair rune preference: random
     0 | D:1      | 0 ||| qw: Goals: Normal
     0 | D:1      | 0 ||| PLANNING D:1-11
   148 | D:1      | Reached XP level 2. HP: 16/16 MP: 4/4
   203 | D:1      | Reached skill level 6 in Ranged Weapons
   828 | D:1      | 828 ||| UPGRADING to +0 ring mail.
   838 | D:1      | 838 ||| DROPPING +0 leather armour.
   839 | D:1      | 839 ||| READING 2 scrolls labelled IHAOC PASUAFED.
   839 | D:1      | 839 ||| IDENTIFYING viscous red potion
   840 | D:1      | 840 ||| DROPPING scroll of butterflies.
   841 | D:1      | 841 ||| DROPPING potion of degeneration.
   888 | D:2      | Reached XP level 3. HP: 20/20 MP: 5/5
  1113 | D:2      | Reached skill level 7 in Ranged Weapons
  1214 | D:2      | Reached XP level 4. HP: 25/25 MP: 6/6
  1360 | D:2      | 1360 ||| UPGRADING to +0 helmet.
  1365 | D:2      | 1365 ||| READING 2 scrolls of identify.
  1365 | D:2      | 1365 ||| IDENTIFYING white potion
  1366 | D:2      | 1366 ||| READING scroll of identify.
  1366 | D:2      | 1366 ||| IDENTIFYING 2 dark potions
  1367 | D:2      | 1367 ||| READING scroll labelled FUAFOR QOIFUM.
  1368 | D:2      | 1368 ||| DROPPING 2 potions of ambrosia.
  1396 | D:3      | 1396 ||| STAIRDANCE
  1403 | D:3      | 1403 ||| STAIRDANCE
  1411 | D:3      | 1411 ||| STAIRDANCE
  1444 | D:3      | Identified the +1 leather armour "Feassar" {rCorr Int-2
                  | Slay+2}
  1553 | D:3      | Found a blossoming altar of Fedhas.
  1553 | D:3      | You fall into a shaft and drop 1 floor!
  1554 | D:4      | 1554 ||| UPGRADING to +1 leather armour "Feassar" {rCorr
                  | Int-2 Slay+2}.
  1564 | D:4      | 1564 ||| DROPPING +0 ring mail.
  1565 | D:4      | 1565 ||| READING scroll labelled QUS TIUVIMO.
  1565 | D:4      | 1565 ||| ENCHANTING +0 helmet.
  1567 | D:4      | 1567 ||| FLEEEEING.
  1568 | D:4      | 1568 ||| STAIRDANCE
  1620 | D:3      | Noticed Grinder
  1633 | D:3      | Killed from afar by Grinder

Levels and vault maps discovered:
D:1:      dpeg_arrival_simpleton_c, layout_basic, serial_bayou_pond_e,
          minmay_lizard_pond
D:2:      layout_basic
D:3:      wander_river, layout_basic, fedhas_altar_1, mainiacjoe_overflow_paths,
          ebering_ghost_inner_flame, kennysheep_generic_room_6, uniq_grinder
D:4:      gammafunk_wand_slinger, layout_loops_ring, grunt_qazlal_clouds,
          minmay_temple_entry_gardened_gates, uniq_crazy_yiuf_cottage

Skill      XL: |  1  2  3 |
---------------+----------+-----
Ranged Weapons | 6 7 |  7.6
Fighting       | |  1.5
Dodging        | |  2.4
Stealth        | |  1.2

Action                     |  1- 3 |  4- 6 || total
---------------------------+-------+-------++-------
   Fire: Shortbow          |   110 |    47 ||   157
    Use: Scroll            |     1 |     4 ||     5
 Armour: Leather armour    |     3 |     2 ||     5
         Ring mail         |    18 |    20 ||    38
  Dodge: Dodged            |    17 |    40 ||    57

Table legend:
 A = Non-vault XP
 B = Vault XP
 C = Vault XP percentage of total XP
 D = Non-vault monster count
 E = Vault monster count
 F = Vault count percentage of total count
                 A         B        C        D         E       F
            +---------+---------+-------+---------+---------+-------
      Total |     110 |       9 |   7.6 |      45 |       9 |  16.7
            +---------+---------+-------+---------+---------+-------
        D:1 |      31 |       9 |  22.5 |      21 |       9 |  30.0
        D:2 |      71 |       0 |   0.0 |      19 |       0 |   0.0
        D:3 |       8 |       0 |   0.0 |       5 |       0 |   0.0
            +---------+---------+-------+---------+---------+-------
